 Dungeon Crawl Stone Soup version 0.31-a0-836-g3ceb0a68c4 (webtiles) character file.

Game seed: 17222906479601557479

10754 adelrune the Grappler (level 11, 0/105 HPs)
             Began as a Troll Shapeshifter on Sept 26, 2023.
             Was a Priest of Qazlal.
             Slain by a yak (12 damage)
             ... on level 8 of the Dungeon.
             The game lasted 00:25:02 (9965 turns).

adelrune the Grappler (Troll Shapeshifter)          Turns: 9965, Time: 00:25:03

Health: 0/105      AC:  3    Str: 28    XL:     11   Next: 40%
Magic:  12/12      EV: 11    Int:  6    God:    Qazlal [***...]
Gold:   732        SH:  3    Dex:  9    Spells: 10/10 levels left

rFire   + . .        b - melded +2 sling (freeze)
rCold   . . .        (shield currently unavailable)
rNeg    . . .        h - +0 steam dragon scales
rPois   .            (helmet restricted)
rElec   .            G - +0 cloak
rCorr   .            (gloves unavailable)
SInv    .            (boots unavailable)
Will    .....        (no amulet)
Stlth   +            y - ring of protection from fire
HPRegen 1.17/turn    (no ring)
MPRegen 0.13/turn

%: no passive effects
@: blade hands
A: large, unfitting armour, (claws 3), regeneration 1, shaggy fur 1, tough skin
1
a: Begin Untransformation, Renounce Religion, Upheaval, Elemental Force


You were on level 8 of the Dungeon.
You worshipped Qazlal.
Qazlal was most pleased with you.
You had blades for hands.
You visited 3 branches of the dungeon, and saw 13 of its levels.
You also visited: Ossuary.

You collected 732 gold pieces.

Inventory:

Hand Weapons
 b - a +2 sling of freezing (melded)
Armour
 a - a +0 animal skin
 h - +0 steam dragon scales (worn)
 G - a +0 cloak (worn)
Jewellery
 y - a ring of protection from fire (left blade hand)
 J - a ring of resist corrosion
Talismans
 c - a beast talisman
 d - a flux talisman
 H - a blade talisman (active)
Wands
 p - a wand of polymorph (7)
 q - a wand of charming (14)
 t - a wand of mindburst (6)
 C - a wand of flame (16)
 F - a wand of digging (5)
Scrolls
 e - 2 scrolls of blinking {unknown}
 g - 6 scrolls of teleportation
 j - a scroll of acquirement {unknown}
 k - 2 scrolls of immolation
 m - 4 scrolls of fog {unknown}
 n - a scroll of vulnerability {unknown}
 o - 3 scrolls of enchant weapon
 u - 4 scrolls of revelation {unknown}
 v - 3 scrolls of fear
 z - a scroll of silence {unknown}
 A - a scroll of enchant armour {unknown}
 I - a scroll of noise {unknown}
 K - a scroll of identify
Potions
 f - 2 potions of ambrosia
 i - a potion of heal wounds {unknown}
 l - 6 potions of curing
 r - 3 potions of enlightenment {unknown}
 s - a potion of resistance {unknown}
 w - a potion of attraction {unknown}
 x - 3 potions of mutation
 B - a potion of cancellation {unknown}
 D - 2 potions of might {unknown}
 E - a potion of magic {unknown}
 L - 2 potions of degeneration {unknown}


   Skills:
 + Level 6.1 Fighting
 + Level 6.3 Dodging
 * Level 10.8 Unarmed Combat
 + Level 2.8 Invocations
 - Level 10.0 Shapeshifting


You had 10 spell levels left.
You didn't know any spells.
Your spell library contained the following spells:

 Spells                   Type           Power      Damage    Failure   Level
 Lesser Beckoning         Tloc           0%         N/A       58%         2
 Gell's Gravitas          Tloc           0%         N/A       83%         3
 Inner Flame              Hex/Fire       0%         N/A       83%         3
 Teleport Other           Tloc           0%         N/A       83%         3
 Flame Wave               Conj/Fire      0%         2d4       99%         4
 Sticky Flame             Conj/Fire      0%         2d3       99%         4


Dungeon Overview and Level Annotations

Branches:
Dungeon (11/15)            Temple (1/1) D:5            Lair (1/5) D:8
Ossuary (visited)
    Orc: D:9-12

Altars:
Ashenzari
Cheibriados
Dithmenos
Elyvilon
Fedhas
Gozag
Hepliaklqana
Kikubaaqudgha
Makhleb
Nemelex Xobeh
Okawaru
Qazlal
Ru
Sif Muna
Trog
Uskayaw
Vehumet
Wu Jian
Xom
Yredelemnul
Zin
The Shining One

Shops:
D:2 [   D:10 [::

Annotations:
D:10 exclusions: electric eel and 4 more exclusions
D:11 Fannar


Innate Abilities, Weirdness & Mutations

You have blades for hands.
You are incapable of wielding weapons or throwing items.
You are too large for most types of armour.
((You have claws for hands.))
Your natural rate of healing is unusually fast.
You are covered in fur. (AC +1)
You have tough skin. (AC +1)


Message History

There is a staircase back to the Dungeon, spattered with blood here.
The black mamba bites you!
You are poisoned.
The black mamba poisons you! You block the yak's attack.
The yak closely misses you. The yak gores you.
You climb upwards.
Welcome back to the Dungeon!
You feel extremely sick.
There is a staircase to the Lair here.
You hit the yak.
The yak is lightly wounded.
You feel very sick. The yak misses you. You block the yak's attack.
The yak is engulfed in blazing flames.
The yak gores you.
You hit the yak.
The yak is heavily wounded.
You feel sick. The yak gores you! The yak gores you but does no damage.
The yak is engulfed in blazing flames.
The yak gores you.
You are too injured to fight recklessly!
You are too injured to fight recklessly!
You are too injured to fight recklessly!
You are too injured to fight recklessly!
Unknown command.
You are too injured to fight recklessly!
You slice the yak!!
You kill the yak!
Qazlal accepts your kill.
You feel sick.
You barely miss the yak.
You feel sick. The yak gores you. The yak gores you but does no damage.
You barely miss the yak.
You feel sick. The yak gores you!
* * * LOW HITPOINT WARNING * * *
The yak barely misses you.
You slash the yak!
The yak is heavily wounded.
You feel sick. The yak closely misses you. The yak gores you!
* * * LOW HITPOINT WARNING * * *
You feel better. The yak gores you.
* * * LOW HITPOINT WARNING * * *
The yak gores you!
You die...

###.# #.# ....# #.# #####
#.######## ...# #........###
...# #.####.....### ...##
####.........## ....#
#####........P..## ###.#
#......P.°☼○.....##
#.###.#.......@Y......#
#...#.##.....Y........#
#.#.#.###...).......#.#
###>#.#.# ##.........##.#
....#.#.# ###.....####.####
......#.#####....####......#
.##.###.##......#####.####.#
.....)..##.........##.####.####
.....##.........[[.##.#.......##


You could see 2 yaks.

Vanquished Creatures
  2 two-headed ogres
  A deep elf pyromancer (D:10)
  2 gargoyles
  A cane toad (Lair:1)
  A kobold demonologist (D:10)
  A komodo dragon (D:10)
  A troll (D:11)
  A hornet (D:10)
  3 blink frogs (Lair:1)
  2 shadows
  9 yaks
  3 wyverns
  3 steam dragons
  3 wargs (D:7)
  3 sky beasts
  2 ice beasts
  An orc warrior (D:10)
  2 ogres
  A centaur (D:9)
  3 phantoms
  2 kobold brigands
  5 bullfrogs
  6 scorpions
  13 wights
  9 killer bees
  2 howler monkeys
  2 electric eels (D:10)
  Crazy Yiuf (D:7)
  3 hounds
  2 jellies
  3 orc priests (D:10)
  2 gnoll boudas (D:6)
  A sleepcap (D:6)
  An iguana (D:5)
  11 orc wizards
  A mummy (Ossuary)
  13 gnolls
  6 adders
  2 white imps (D:6)
  2 worms (D:2)
  A dart slug (D:1)
  27 orcs
  3 spectral bats (Ossuary)
  6 endoplasms
  4 giant cockroaches
  12 gnoll zombies (Ossuary)
  10 goblins
  5 hobgoblins
  3 jackals (D:2)
  2 quokkas (D:3)
  4 ball pythons
  6 bats
  2 bat simulacra (Ossuary)
  3 frilled lizards
  6 goblin simulacra (Ossuary)
  3 goblin zombies (Ossuary)
  5 hobgoblin zombies (Ossuary)
  5 kobolds
  2 kobold simulacra (Ossuary)
  6 kobold zombies (Ossuary)
  4 orc zombies (Ossuary)
  9 rats
  4 rat simulacra (Ossuary)
  2 spectral goblins (Ossuary)
  3 spectral kobolds (Ossuary)
  2 spectral rats (Ossuary)
271 creatures vanquished.

Notes
Turn   | Place    | Note
-------+----------+-------------------------------------------
     0 | D:1      | adelrune the Troll Shapeshifter began the quest for the
                  | Orb.
     0 | D:1      | Reached XP level 1. HP: 18/18 MP: 0/0
    36 | D:1      | Found a faded altar of an unknown god.
   109 | D:1      | Reached skill level 1 in Fighting
   109 | D:1      | Reached XP level 2. HP: 27/27 MP: 1/1
  1026 | D:2      | Reached XP level 3. HP: 30/33 MP: 2/2
  1045 | D:2      | Found Emahetie's Antique Armour Emporium.
  1267 | D:2      | Reached XP level 4. HP: 41/41 MP: 3/3
  1847 | D:3      | Found an iron altar of Okawaru.
  1898 | D:3      | Reached XP level 5. HP: 38/49 MP: 4/4
  2544 | D:4      | Noticed a phantom
  2554 | D:4      | Killed a phantom
  2555 | D:4      | Reached XP level 6. HP: 44/57 MP: 5/5
  2630 | D:4      | Found a burning altar of Makhleb.
  2722 | D:4      | Reached skill level 5 in Unarmed Combat
  3211 | D:5      | Entered Level 5 of the Dungeon
  3213 | D:5      | Found a white marble altar of Elyvilon.
  3354 | D:5      | Reached XP level 7. HP: 66/66 MP: 6/6
  3382 | D:5      | Found a staircase to the Ecumenical Temple.
  3474 | D:5      | Found a sand-covered staircase.
  3484 | Ossuary  | Entered an ossuary
  4119 | Temple   | Entered the Ecumenical Temple
  4496 | D:5      | Found a stormy altar of Qazlal.
  4508 | D:5      | Became a worshipper of Qazlal Stormbringer
  4735 | D:5      | Identified the +0 spear of Shrieking Terror {heavy, Str+3}
  4875 | D:6      | Reached XP level 8. HP: 66/75 MP: 7/7
  4937 | D:6      | Reached skill level 5 in Shapeshifting
  5382 | D:6      | Reached * piety under Qazlal
  5399 | D:6      | Reached XP level 9. HP: 84/84 MP: 8/8
  5755 | D:7      | Identified the +10 morningstar of Ajulithre {distort, rF+}
  6074 | D:7      | Found a runed translucent door.
  6076 | D:7      | Noticed Crazy Yiuf
  6153 | D:7      | Killed Crazy Yiuf
  6207 | D:8      | Reached skill level 5 in Dodging
  6351 | D:8      | Found a staircase to the Lair.
  6428 | D:8      | Reached skill level 5 in Fighting
  6625 | D:8      | Noticed a two-headed ogre
  6642 | D:8      | Killed a two-headed ogre
  6717 | D:8      | Identified the +0 robe of the Equinox {Str-4 Int+3 Dex+4}
  6747 | D:8      | Reached ** piety under Qazlal
  6748 | D:8      | Reached XP level 10. HP: 96/96 MP: 9/9
  7209 | D:8      | Reached skill level 1 in Invocations
  7214 | D:8      | Reached skill level 10 in Unarmed Combat
  7361 | D:9      | Found a blossoming altar of Fedhas.
  7732 | D:10     | Entered Level 10 of the Dungeon
  7735 | D:10     | Noticed a gargoyle
  7745 | D:10     | Killed a gargoyle
  7852 | D:10     | Found a shadowy altar of Dithmenos.
  7901 | D:10     | Found Ostrafox's Antique Armour Shop.
  8207 | D:10     | Paralysed by a hornet for 3 turns
  8517 | D:10     | Noticed a deep elf pyromancer
  8771 | D:10     | Found Hoffavy's Book Boutique.
  8774 | D:10     | Killed a deep elf pyromancer
  8914 | D:10     | Found Atatoe's Book Shoppe.
  8943 | D:10     | Reached skill level 10 in Shapeshifting
  8943 | D:10     | Reached XP level 11. HP: 85/104 MP: 10/10
  9286 | D:11     | Reached *** piety under Qazlal
  9335 | D:11     | Noticed a two-headed ogre
  9343 | D:11     | Killed a two-headed ogre
  9683 | D:11     | Noticed Fannar
  9748 | Lair:1   | Entered Level 1 of the Lair of Beasts
  9965 | D:8      | Slain by a yak

Illustrated notes

Levels and vault maps discovered:
D:1:      onia_arrival_mini_maze, layout_basic,
          ebering_ecumenical_altar_sacrificial, kennysheep_doodads,
          minmay_quantized
D:2:      layout_loops_ring, serial_shops, shop
D:3:      layout_basic, kennysheep_okawaru_gauntlet
D:4:      layout_basic, lemuel_round_altar, roderic_roman_lattice
D:5:      layout_basic, lemuel_tele_altar, nicolae_qazlal_scattered_showers,
          minmay_temple_entry_fiery, enter_ossuary_1, kennysheep_big_empty_room,
          minmay_quadrilaterals
D:6:      layout_basic, amcnicky_mini_corridor_feature, serial_park_tiny_pond,
          nicolae_grassy_gnolls
D:7:      layout_basic, uniq_crazy_yiuf_cottage
D:8:      layout_loops_cross, erik_lair_orcish_takeover
D:9:      layout_rooms, mainiacjoe_overflow_paths, serial_glass,
          glass_columns_c, glass_columns_a
D:10:     layout_basic, mainiacjoe_overflow_small_starburst, serial_shops, shop,
          nicolae_shop_hallway_plus, nicolae_shop_trees, serial_curves,
          eino_curves_02, eino_curves_01
D:11:     layout_small_grid, orc_0_dummy, small_statue_alley_a, uniq_fannar
Temple:   nicolae_temple_slightly_damp_pantheon
Lair:1:   layout_small_grid, minmay_stone_trees_small, grunt_megastairs_4

Skill      XL: |  1  2  3  4  5  6  7  8  9 10 11 |
---------------+----------------------------------+-----
Fighting       | 1 2 3 4 5 6 |  6.1
Dodging        | 2 3 4 5 6 |  6.3
Unarmed Combat | 4 5 6 8 9 10 | 10.8
Shapeshifting  | 4 5 6 10 | 10.0
Invocations    | 1 2 |  2.8

Action                     |  1- 3 |  4- 6 |  7- 9 | 10-12 || total
---------------------------+-------+-------+-------+-------++-------
  Melee: Unarmed           |    84 |    81 |   235 |   183 ||   583
         Punch             |     1 |     3 |     8 |    11 ||    23
   Fire: Sling             |       |    62 |    89 |    83 ||   234
 Invoke: Upheaval          |       |       |       |     2 ||     2
    Use: Scroll            |       |       |     7 |       ||     7
         Potion            |       |       |     1 |     1 ||     2
   Stab: Sleeping          |     1 |       |       |       ||     1
 Armour: Animal skin       |    48 |    51 |   114 |       ||   213
         Steam dragon scal |       |       |    54 |   175 ||   229
         Skin              |       |       |    10 |       ||    10
  Dodge: Dodged            |    35 |    39 |    89 |    98 ||   261
  Block: Other             |       |       |     2 |    22 ||    24
   Form: Blade             |       |       |       |     1 ||     1

Table legend: (Time is in decaauts)
 A = Elapsed time spent in this place.
 B = Non-inter-level travel time spent in this place.
 C = Inter-level travel time spent in this place.
 D = Time resting spent in this place.
 E = Time spent auto-exploring this place.
 F = Levels seen in this place.
 G = Mean time per level.
                   A        B        C        D        E       F      G
               +--------+--------+--------+--------+--------+-----+--------+
         Total |   9948 |   9551 |    397 |   1077 |   5861 |  14 |  710.6 |
       Dungeon |   9157 |   8763 |    394 |    965 |   5778 |  11 |  832.5 |
        Temple |     31 |     28 |      3 |      0 |      0 |   1 |   31.0 |
          Lair |    186 |    186 |      0 |     91 |      8 |   1 |  186.0 |
       Ossuary |    572 |    572 |      0 |     21 |     75 |   1 |  572.0 |
               +--------+--------+--------+--------+--------+-----+--------+

Top non-repeatable levels by time:
    D:10: 1288 daAuts
     D:5: 1016 daAuts
     D:8: 990 daAuts
     D:1: 938 daAuts
     D:4: 889 daAuts
     D:3: 769 daAuts
     D:6: 732 daAuts
     D:7: 730 daAuts
     D:9: 719 daAuts
     D:2: 607 daAuts
 Ossuary: 572 daAuts
    D:11: 473 daAuts
  Lair:1: 186 daAuts
  Temple: 31 daAuts
